Map: Traitor's Exile

Players

PerfectDark

  • Race: Protoss Protoss
  • Spawn Location: 9:00

SnuggleFist

  • Race: Zerg Zerg
  • Spawn Location: 12:00

MonstroTown

  • Race: Terran Terran
  • Spawn Location: 6:00

Michael

  • Race: Zerg Zerg
  • Spawn Location: 5:00

VOD

Have the link to the VOD?

Description

Time

  • Played on: Sept. 1, 2018, 12:31 a.m.
  • Length: 16:32
Show
View Real Time Build Order
Export as new Build Order

PerfectDark Protoss 

Build Orders:  

Get SALT Encoding   

  12  0:04  Probe  
  13  0:16  Probe  
  14  0:24  Pylon  
  14  0:28  Probe  
  15  0:36  Assimilator  
  15  0:42  Probe  
  16  0:54  Probe  
  17  0:58  Gateway  
  17  1:06  Probe  
  17  1:09  Assimilator  
  18  1:18  Probe  
  18  1:19  Pylon  
  19  1:30  Probe  
  20  1:42  Probe  
  20  1:46  Cybernetics Core  
  21  1:49  Zealot  
  23  1:55  Probe  
  24  2:10  Probe  
  25  2:30  Warp Gate, Stalker  
  27  2:50  Forge  
  27  3:06  Zealot  
  29  3:32  Protoss Ground Weapons Level 1  
  29  3:39  Gateway x2  
  29  3:44  Robotics Facility  
  29  3:49  Twilight Council  
  29  4:32  Warp Prism  
  29  4:33  Pylon  
  31  4:39  Dark Shrine  
  31  4:46  Pylon  
  31  5:08  Nexus  
  31  5:09  Pylon  
  29  5:19  Stalker x2  
  25  5:25  Protoss Ground Armor Level 1  
  23  5:32  Probe  
  24  5:44  Probe  
  25  5:52  Dark Templar x2  
  25  5:53  Dark Templar  
  25  5:56  Probe  
  32  6:08  Probe  
  33  6:20  Probe  
  32  6:47  Dark Templar x3  
  34  6:49  Probe  
  39  7:01  Probe  
  40  7:14  Probe  
  41  7:26  Probe  
  36  7:38  Probe  
  37  7:50  Probe  
  36  7:52  Photon Cannon  
  36  7:53  Photon Cannon  
  36  7:55  Protoss Shields Level 1  
  36  7:56  Pylon  
  36  8:00  Assimilator  
  36  8:02  Probe  
  36  8:05  Assimilator  
  37  8:06  Photon Cannon  
  37  8:07  Pylon  
  37  8:12  Photon Cannon  
  37  8:14  Probe  
  38  8:26  Probe  
  39  8:29  Photon Cannon  
  39  8:32  Probe  
  40  8:38  Probe  
  41  8:44  Probe  
  42  8:50  Probe  
  43  8:56  Probe  
  43  8:58  Photon Cannon  
  43  9:01  Gateway  
  45  9:02  Probe  
  45  9:05  Gateway  
  45  9:08  Probe  
  46  9:10  Zealot  
  46  9:11  Zealot  
  46  9:15  Probe  
  51  9:21  Dark Templar  
  27  10:01  Stalker x3  
  27  10:06  Dark Templar x2  
  37  10:14  Archon  
  37  10:28  Dark Templar x2  
  39  10:33  Archon  
  41  10:54  Dark Templar x2  
  41  10:55  Dark Templar  
  47  11:23  Dark Templar  
  43  11:32  Nexus  
  43  11:38  Probe  
  43  11:39  Probe  
  45  11:52  Dark Templar  
  47  12:09  Probe x2  
  45  12:34  Dark Templar  
  45  12:36  Zealot x2  
  51  12:39  Archon  
  51  12:53  Photon Cannon  
  51  13:06  Dark Templar x2  
  51  13:38  Dark Templar x2  
  55  13:43  Archon  
  53  13:57  Charge  
  53  14:04  Probe x2  
  53  14:05  Probe  
  53  14:09  Assimilator  
  56  14:11  Zealot x2  
  56  14:14  Zealot  
  56  14:16  Probe x2  
  64  14:17  Probe  
  65  14:44  Zealot  
  65  14:45  Zealot  
  69  15:18  Dark Templar x2  
  69  15:19  Dark Templar x2  
  77  15:23  Archon x2  
  77  15:26  Warp Prism  
  79  15:53  Zealot  
  79  15:54  Zealot x3  
  79  15:55  Zealot  
Show
View Real Time Build Order
Export as new Build Order

SnuggleFist Zerg 

Build Orders: Pool First 

Get SALT Encoding   

  12  0:05  Drone  
  13  0:12  Overlord  
  13  0:18  Drone  
  14  0:23  Extractor  
  14  0:25  Drone  
  14  0:33  Drone  
  15  0:37  Drone  
  16  0:52  Spawning Pool  
  16  0:53  Drone  
  16  1:04  Drone  
  17  1:10  Overlord  
  17  1:21  Overlord  
  17  1:36  Drone  
  17  1:39  Queen  
  20  1:58  Zergling x2  
  21  2:01  Zergling x2  
  21  2:06  Hatchery  
  21  2:10  Metabolic Boost  
  21  2:42  Zergling x6  
  24  2:48  Lair  
  22  3:06  Zergling x4  
  22  3:09  Spine Crawler  
  22  3:12  Zergling x6  
  27  3:20  Extractor  
  26  3:47  Evolution Chamber  
  25  3:50  Zergling x10  
  30  3:58  Hatchery  
  30  4:01  Nydus Network  
  22  4:25  Zerg Melee Weapons Level 1  
  22  4:28  Drone x3  
  25  4:44  Nydus Canal  
  25  4:50  Drone x3  
  28  4:54  Extractor  
  21  5:23  Queen  
  21  5:24  Drone x2  
  24  5:29  Zergling x2  
  24  5:30  Zergling x8  
  29  5:38  Drone  
  30  5:58  Nydus Canal  
  30  6:06  Drone x3  
  31  6:32  Zergling x10  
  35  6:48  Drone x3  
  35  6:49  Drone x2  
  39  7:01  Hatchery  
  38  7:04  Nydus Canal  
  38  7:19  Spore Crawler  
  38  7:20  Spore Crawler  
  38  7:22  Drone x5  
  41  7:24  Spore Crawler  
  40  7:36  Drone  
  40  7:37  Drone x3  
  43  7:38  Overlord  
  42  7:50  Zerg Melee Weapons Level 2  
  39  7:55  Drone x4  
  39  7:57  Drone  
  44  8:16  Spire  
  44  8:19  Overlord x2  
  42  8:28  Queen  
  42  8:29  Drone  
  42  8:30  Drone  
  46  8:34  Overseer  
  46  8:39  Spore Crawler x2  
  44  8:43  Extractor  
  44  8:47  Zergling x2  
  44  8:48  Zergling x6  
  47  8:57  Spore Crawler  
  47  8:58  Drone  
  47  9:05  Spine Crawler  
  46  9:13  Spine Crawler  
  45  9:20  Zergling x2  
  45  9:21  Zergling x4  
  45  9:40  Zergling x12  
  45  9:41  Zergling x6  
  47  10:00  Zergling x6  
  47  10:05  Zergling x4  
  47  10:06  Zergling x6  
  46  10:28  Zergling x12  
  47  10:35  Zergling x2  
  47  10:36  Zergling x4  
  47  10:38  Zergling x6  
  39  11:29  Spore Crawler  
  39  11:32  Mutalisk x2, Spine Crawler  
  34  11:33  Mutalisk x3  
  34  11:36  Queen  
  34  11:37  Drone x5  
  39  11:54  Drone x2  
  39  11:57  Extractor  
  38  12:04  Drone x3  
  38  12:05  Drone x3  
  44  12:16  Zerg Flyer Armor Level 1  
  44  12:19  Mutalisk x2  
  44  12:20  Mutalisk  
  50  12:56  Mutalisk x2  
  50  12:57  Mutalisk x4  
  62  13:06  Mutalisk  
  62  13:08  Overlord x2  
  62  13:09  Overlord x2  
  64  13:18  Zergling x4  
  64  13:19  Overlord  
  66  13:32  Zergling x2  
  67  14:02  Pneumatized Carapace  
  67  14:05  Zergling x8  
  71  14:23  Zergling x10  
  74  14:30  Spine Crawler  
  69  14:32  Queen, Spine Crawler  
  61  14:45  Drone x5  
  39  15:43  Mutalisk x2  
  39  15:44  Mutalisk x4  
  39  15:49  Drone x6  
  49  16:01  Drone  
  50  16:07  Extractor  
  49  16:12  Overseer x3  
  49  16:14  Drone x2  
Show
View Real Time Build Order
Export as new Build Order

MonstroTown Terran 

Build Orders: Cyclone Opening 

Get SALT Encoding   

  12  0:01  SCV  
  13  0:13  SCV  
  14  0:18  Supply Depot  
  14  0:25  SCV  
  15  0:30  Refinery  
  15  0:39  SCV  
  16  0:46  Barracks  
  16  0:53  SCV  
  17  0:59  Refinery  
  17  1:07  SCV  
  18  1:19  SCV  
  19  1:33  Orbital Command  
  19  1:34  Reaper  
  20  1:45  Factory  
  20  1:59  SCV  
  21  2:03  Supply Depot  
  21  2:06  Barracks Reactor  
  21  2:14  SCV  
  21  2:41  SCV  
  22  2:54  SCV  
  22  2:56  Barracks Reactor  
  22  2:57  Cyclone x2  
  29  3:02  Starport  
  29  3:04  Supply Depot  
  29  3:06  SCV  
  30  3:18  SCV  
  30  3:29  Cyclone x2  
  30  3:32  SCV  
  37  3:36  Marine x2  
  37  3:40  Supply Depot  
  39  3:44  Supply Depot  
  39  4:02  Medivac  
  41  4:15  Cyclone  
  44  4:23  Cyclone, Marine  
  44  4:24  Marine  
  43  4:32  Supply Depot  
  43  4:44  Marine x2  
  45  4:53  Command Center, Cyclone  
  45  4:57  SCV  
  49  5:28  SCV  
  50  5:34  Marine x2  
  49  5:38  Starport Reactor  
  49  5:40  SCV  
  50  5:45  Engineering Bay, Barracks  
  50  5:49  Barracks  
  50  5:50  Cyclone x2  
  56  6:10  SCV  
  36  6:52  Orbital Command  
  36  6:53  Orbital Command  
  25  7:08  Orbital Command  
  5  9:00  Cyclone  
Show
View Real Time Build Order
Export as new Build Order

Michael Zerg 

Build Orders: Hatch First 

Get SALT Encoding   

  12  0:01  Drone  
  13  0:12  Overlord  
  13  0:18  Drone  
  14  0:31  Drone x2  
  14  0:35  Drone  
  17  0:45  Drone  
  18  0:59  Hatchery  
  18  1:01  Drone  
  18  1:09  Extractor  
  17  1:16  Spawning Pool  
  16  1:20  Drone  
  16  1:22  Drone  
  18  1:28  Drone  
  19  1:39  Drone  
  20  1:49  Overlord  
  20  2:02  Queen  
  22  2:10  Metabolic Boost  
  22  2:11  Queen  
  22  2:12  Zergling x2  
  22  2:13  Zergling x2  
  26  2:17  Zergling x2  
  26  2:22  Zergling x2  
  28  2:23  Zergling x2  
  29  2:32  Zergling x2  
  29  2:49  Queen  
  29  2:50  Drone x3  
  29  3:28  Zergling x14  
  29  3:30  Overlord  
  36  3:45  Overlord  
  36  3:46  Overlord  
  36  3:51  Hatchery  
  28  4:17  Drone x6  
  33  4:31  Lair  
  33  4:32  Baneling Nest  
  33  4:35  Spine Crawler  
  33  4:36  Spine Crawler  
  30  4:40  Spine Crawler  
  30  4:42  Drone  
  30  4:44  Drone  
  31  4:51  Drone x2  
  33  4:53  Drone  
  34  5:01  Spine Crawler  
  33  5:10  Zergling x6  
  26  5:34  Spire  
  26  5:35  Spine Crawler  
  24  5:42  Spore Crawler  
  23  5:56  Spine Crawler  
  22  5:57  Drone  
  22  5:59  Drone  
  25  6:04  Drone  
  25  6:09  Drone x2  
  25  6:10  Drone x2  
  29  6:14  Drone  
  30  6:32  Drone x4  
  31  6:44  Spire  
  31  6:46  Drone  
  31  6:48  Drone  
  31  6:51  Drone  
  31  6:53  Drone  
  34  6:56  Overseer  
  34  7:00  Drone  
  35  7:02  Drone  
  35  7:03  Drone  
  37  7:08  Zergling x2  
  37  7:09  Zergling x2  
  37  7:10  Zergling x2  
  40  7:33  Drone x9  
  49  7:37  Spore Crawler  
  49  7:39  Spore Crawler  
  49  7:41  Spine Crawler  
  45  7:46  Mutalisk  
  45  7:47  Mutalisk  
  45  7:51  Mutalisk  
  50  8:22  Mutalisk  
  50  8:23  Mutalisk  
  50  8:26  Zergling x10  
  50  8:27  Zergling x14  
  66  8:47  Overlord x3  
  66  8:48  Overlord x2  
  66  9:05  Queen  
  68  9:16  Mutalisk x2  
  68  9:18  Zergling x20  
  69  9:45  Zergling x20  
  76  9:51  Mutalisk  
  75  9:53  Zergling x2  
  76  10:04  Extractor  
  76  10:05  Extractor  
  76  10:06  Hatchery  
  71  10:09  Hatchery  
  71  10:10  Drone  
  71  10:11  Drone x2  
  71  10:12  Drone x3  
  76  10:15  Drone  
  76  10:16  Extractor, Drone  
  76  10:17  Extractor  
  59  10:49  Zergling x2  
  55  10:50  Zergling x26  
  61  10:57  Mutalisk  
  53  11:23  Mutalisk x5  
  62  11:27  Spore Crawler  
  62  11:28  Spine Crawler  
  62  11:30  Spine Crawler  
  59  11:37  Overseer  
  56  11:40  Overseer x2  
  56  11:41  Overlord x4  
  56  11:42  Overlord x2  
  52  11:49  Queen  
  52  11:51  Drone x9  
  61  11:55  Mutalisk  
  61  11:56  Mutalisk  
  50  12:32  Mutalisk  
  50  12:33  Mutalisk x2  
  50  12:35  Hatchery  
  50  12:36  Zergling x14  
  62  12:47  Mutalisk  
  64  12:55  Spore Crawler x2  
  64  12:56  Spore Crawler  
  64  12:57  Spore Crawler  
  60  13:03  Zergling x6  
  60  13:04  Zergling x8  
  67  13:12  Mutalisk  
  67  13:13  Mutalisk  
  66  13:51  Mutalisk x4  
  66  13:55  Zergling x12  
  79  13:56  Zergling x14  
  79  13:58  Zergling x2  
  88  14:17  Spore Crawler  
  87  14:18  Queen, Spore Crawler  
  87  14:20  Drone x2  
  87  14:21  Drone  
  73  14:59  Drone  
  71  15:00  Drone x2  
  71  15:04  Mutalisk  
  71  15:05  Mutalisk x5  
  84  15:10  Mutalisk  
  84  15:17  Mutalisk  
  65  15:31  Mutalisk  
  65  15:35  Spore Crawler  
  58  15:51  Mutalisk  
  58  15:53  Zergling x2  
  58  15:54  Zergling x32  
  74  16:06  Zergling x10  
Tags
 
Add a new tag
Caveats
  • Supply blocks, unpowered buildings, or Contaminate may cause inaccurate times.
  • Supply counts are checked every 10 seconds.